 Dungeon Crawl Stone Soup version 0.28.0-53-g5a82cb258f (webtiles) character file.

Game seed: 2080945270493265017

5127 SanguineChosen the Cleaver (level 10, 0/63 HPs)
             Began as a Gargoyle Fighter on July 21, 2022.
             Slain by an orc warrior
             ... wielding a +0 trident
              (9 damage)
             ... in a bailey.
             The game lasted 00:23:21 (7032 turns).

SanguineChosen the Cleaver (Gargoyle Fighter)       Turns: 7032, Time: 00:23:21

Health: 0/63       AC: 21    Str: 30    XL:     10   Next: 58%
Magic:  10/10      EV: 11    Int:  9    God:
Gold:   462        SH:  7    Dex: 15    Spells: 9/9 levels left

rFire   . . .      SeeInvis .   m - +10 hand axe of Suicidal Tendencies {protect, *Slow Fragile rPois rN+++}
rCold   + . .      Faith    .   c - +1 buckler
rNeg    + + +      Spirit   .   b - +0 scale mail
rPois   ∞          Reflect  .   y - +2 helmet
rElec   +          Harm     .   C - +0 cloak
rCorr   .          Rampage  .   B - +0 pair of gloves
Will    .....                   (no boots)
Stlth   +.........              F - amulet of regeneration
HPRegen 1.00/turn               k - ring "Seffag" {rC+ Dex+6}
MPRegen 0.12/turn               l - +6 ring of strength

@: mighty, on berserk cooldown, slowed, very slow
A: sickness immunity, AC +7, negative energy resistance 1, electricity
resistance, torment resistance 1, petrification resistance
a: no special abilities


You were in a bailey.
You visited 1 branch of the dungeon, and saw 9 of its levels.
You also visited: Bailey.

You collected 462 gold pieces.

Inventory:

Hand Weapons
 a - a +0 flail
 i - a +2 whip of venom
 m - the +10 hand axe of Suicidal Tendencies (weapon) {protect, *Slow Fragile rPois rN+++}
   (You found it on level 4 of the Dungeon)

   It grants its wielder temporary protection when it strikes (+7 to AC).
   rPois:     It protects you from poison.
   rN:        It renders you almost immune to negative energy.
   *Slow:     It may slow you when you take damage.
   Fragile:   It will be destroyed if unequipped.
 x - a +4 vorpal falchion
Missiles
 p - 14 poisoned darts (quivered)
Armour
 b - a +0 scale mail (worn)
 c - a +1 buckler (worn)
 h - a +1 hat of willpower
 y - a +2 helmet (worn)
 B - a +0 pair of gloves (worn)
 C - a +0 cloak (worn)
Jewellery
 f - a +6 ring of dexterity
 k - the ring "Seffag" (left hand) {rC+ Dex+6}
   (You found it on level 3 of the Dungeon)

   [ring of dexterity]

   Dex:       It affects your dexterity (+6).
   rC:        It protects you from cold.
 l - a +6 ring of strength (right hand)
 q - a +4 ring of protection
 F - an amulet of regeneration (around neck)
Wands
 e - a wand of paralysis (8)
 s - a wand of flame (10)
 t - a wand of digging (4)
Potions
 d - a potion of might
 j - a potion of magic {unknown}
 r - a potion of berserk rage
 u - a potion of mutation {unknown}
 v - a potion of cancellation
 z - a potion of resistance
 A - a potion of brilliance


   Skills:
 + Level 7.0 Fighting
 + Level 9.2(9.5) Axes
 + Level 3.8(7.5) Maces & Flails
 + Level 2.5 Throwing
 + Level 7.6 Armour
 + Level 2.9 Dodging
 + Level 2.1 Stealth
 + Level 6.2 Shields


You had 9 spell levels left.
You didn't know any spells.
Your spell library contained the following spells:

 Spells                   Type           Power      Damage    Failure   Level
 Blink                    Tloc           0%         N/A       83%         2
 Lesser Beckoning         Tloc           0%         N/A       96%         3
 Manifold Assault         Tloc           0%         N/A       100%        5


Dungeon Overview and Level Annotations

Branches:
Dungeon (9/15)             Bailey (1/1)
 Temple: D:4-7         Lair: D:8-11         Orc: D:9-12

Altars:
Cheibriados
Gozag
Nemelex Xobeh

Annotations:
D:4 3 runed translucent doors, angelusfrater's ghost, amateur TrFi


Innate Abilities, Weirdness & Mutations

You are immune to sickness and miasma.
Your stone body is resilient. (AC +7)
You are immune to poison.
You resist negative energy. (rN+)
You are resistant to electric shocks. (rElec)
You are resistant to unholy torment.
You are immune to petrification.


Message History

You slash the orc warrior!
You kill the orc warrior!
You slash the orc warrior! The orc warrior barely misses you.
The centaur throws a javelin.
The javelin pierces through you but does no damage.
The centaur hits you but does no damage.
The centaur barely misses you. You block the orc warrior's attack.
Things that are here:
a +0 halberd; a +0 ring mail; an orc corpse You feel a strong urge to attack something.
The centaur hits you but does no damage.
You block the centaur's attack.
You enter the shallow water.
Moving in this stuff is going to be slow.
You are no longer berserk.
You are exhausted.
You feel yourself slow down.
The centaur hits you but does no damage.
The centaur barely misses you.
The orc warrior hits you from afar with a +0 spear.
* * * LOW HITPOINT WARNING * * *
The centaur closely misses you. You block the centaur's attack.
The orc warrior barely misses you. You block the centaur's attack.
The centaur misses you.
The centaur hits you but does no damage.
The centaur kicks you but does no damage.
The orc warrior hits you with a +0 spear!
* * * LOW HITPOINT WARNING * * *
You slice the centaur!!
You kill the centaur!
You slash the orc warrior!
The orc warrior hits you but does no damage.
The orc warrior hits you but does no damage. x3
Items here: ( ) [ †.
An orc comes into view. It is wielding a +0 trident.
The orc warrior hits you but does no damage. x2
You block the orc warrior's attack. The orc warrior misses you.
The orc warrior hits you but does no damage.
The orc warrior hits you from afar with a +0 trident!
You die...

≈.≈≈.⌠....o....⌠.≈≈.≈≈≈#
≈c≈...............≈.≈≈≈#
.≈≈)...≈≈≈≈≈≈≈....≈≈.≈≈#
##...≈≈≈≈≈≈≈≈≈≈≈...≈.≈≈#
..).≈≈≈≈≈≈≈≈≈≈≈≈≈..≈.≈≈#
....≈≈≈≈≈|:?≈≈≈≈≈.)..≈≈#
....≈≈≈≈≈≈≈≈≈≈≈≈≈oo≈.≈≈#
##...≈≈≈≈≈≈≈≈≈≈≈...≈.≈≈#
.≈≈....≈≈≈≈≈≈≈..@.≈≈.≈≈#
≈.≈...............≈.≈≈≈#
≈.≈≈.⌠.....)...⌠.≈≈.≈≈≈#
≈≈.≈.............≈)≈≈≈≈#
≈≈.≈≈≈.........≈≈≈.≈≈≈≈#
≈≈≈..≈≈≈.....≈≈≈..≈≈≈≈≈#
≈≈≈≈≈.)≈≈≈≈≈≈≈..≈≈≈≈≈≈≈#
≈≈≈≈≈≈≈)....).≈≈≈≈≈≈≈≈##
≈≈≈≈≈≈≈≈≈≈≈≈≈≈≈≈≈≈≈≈≈##


You could see 2 orc warriors.

Vanquished Creatures
  Gastronok (D:8)
  Maggie (D:6)
  Sigmund (D:5)
  Edmund (D:6)
  2 water moccasins
  11 orc warriors
  A black bear (D:6)
  A necrophage (D:6)
  9 centaurs
  An ogre (D:5)
  A phantom (D:6)
  A kobold brigand (D:9)
  A wyvern zombie (D:5)
  A scorpion (D:5)
  A water moccasin zombie (D:5)
  3 water moccasin skeletons
  5 wights
  2 howler monkeys
  A bullfrog zombie (D:6)
  A jelly (D:4)
  A hound (D:6)
  A bullfrog skeleton (D:5)
  2 centaur skeletons
  Crazy Yiuf (D:4)
  2 iguanas
  3 orc wizards
  4 adders
  2 white imps
  2 dart slugs
  33 orcs
  6 ball pythons
  4 bats
  6 endoplasms
  6 giant cockroaches
  A goblin (D:1)
  8 hobgoblins
  2 jackals (D:4)
  10 kobolds
  2 quokkas
  2 frilled lizards (D:2)
  2 rats
146 creatures vanquished.

Vanquished Creatures (others)
  An orc (Bailey)
1 creature vanquished.

Grand Total: 147 creatures vanquished

Notes
Turn   | Place    | Note
-------+----------+-------------------------------------------
     0 | D:1      | SanguineChosen the Gargoyle Fighter began the quest for the
                  | Orb.
     0 | D:1      | Reached XP level 1. HP: 14/14 MP: 1/1
    73 | D:1      | Reached XP level 2. HP: 13/19 MP: 2/2
   733 | D:2      | Reached XP level 3. HP: 22/24 MP: 3/3
  1175 | D:2      | Found a snail-covered altar of Cheibriados.
  1425 | D:3      | Found a sparkling altar of Nemelex Xobeh.
  1666 | D:3      | Reached XP level 4. HP: 26/29 MP: 4/4
  1759 | D:3      | Identified the ring "Seffag" {rC+ Dex+6}
  2245 | D:4      | Reached XP level 5. HP: 13/33 MP: 5/5
  2478 | D:4      | Identified the +10 hand axe of Suicidal Tendencies
                  | {protect, *Slow Fragile rPois rN+++}
  2679 | D:4      | Reached skill level 1 in Dodging
  2825 | D:4      | Found a runed translucent door.
  2826 | D:4      | Noticed Crazy Yiuf
  2893 | D:4      | Found a runed translucent gate.
  2894 | D:4      | Found a runed translucent gate.
  2895 | D:4      | Found a runed translucent gate.
  2895 | D:4      | Found an opulent altar of Gozag.
  2897 | D:4      | Noticed angelusfrater's ghost (amateur TrFi)
  2897 | D:4      | Noticed an orc warrior
  3305 | D:4      | Killed Crazy Yiuf
  3417 | D:5      | Entered Level 5 of the Dungeon
  3461 | D:5      | Reached skill level 1 in Axes
  3461 | D:5      | Reached XP level 6. HP: 29/38 MP: 6/6
  3574 | D:5      | Reached skill level 1 in Stealth
  3724 | D:5      | Reached skill level 5 in Armour
  3988 | D:5      | Noticed an orc warrior
  3992 | D:5      | Reached skill level 2 in Axes
  3992 | D:5      | Reached XP level 7. HP: 43/44 MP: 7/7
  4001 | D:5      | HP: 2/44 [orc warrior/+0 long sword (22)]
  4300 | D:5      | Noticed Sigmund
  4308 | D:5      | Reached skill level 3 in Axes
  4317 | D:5      | Killed Sigmund
  4642 | D:5      | Reached XP level 8. HP: 31/48 MP: 8/8
  4770 | D:5      | Reached skill level 4 in Axes
  4983 | D:5      | Reached skill level 5 in Fighting
  5231 | D:6      | Reached skill level 5 in Axes
  5459 | D:6      | Reached XP level 9. HP: 54/54 MP: 9/9
  5585 | D:6      | Noticed Maggie
  5602 | D:6      | Reached skill level 6 in Axes
  5604 | D:6      | Killed Maggie
  5766 | D:6      | Noticed Edmund
  5774 | D:6      | Killed Edmund
  5775 | D:6      | Reached skill level 5 in Shields
  6101 | D:7      | You fall into a shaft and drop 2 floors!
  6237 | D:8      | Noticed Gastronok
  6267 | D:8      | Killed Gastronok
  6268 | D:8      | Reached skill level 8 in Axes
  6268 | D:8      | Reached XP level 10. HP: 21/61 MP: 10/10
  6501 | D:8      | Found a flagged portal.
  6516 | Bailey   | Entered a bailey
  6966 | Bailey   | Reached skill level 9 in Axes
  7027 | Bailey   | HP: 1/63 [orc warrior/+0 spear (7)]
  7032 | Bailey   | Slain by an orc warrior

Illustrated notes

Levels and vault maps discovered:
D:1:      dpeg_arrival_shelter, layout_basic
D:2:      layout_basic, basic_altar, minmay_misc_feat_chi
D:3:      layout_basic, nemelex_xobeh_ov_fountains_minmay, dk_noncrumbling_2,
          nrook_mini_backslash
D:4:      layout_basic, ebering_ghost_gozag, uniq_crazy_yiuf_cottage
D:5:      minmay_skewed_foursquare, layout_rooms, minivault_11,
          lightli_corner_chamber, uniq_sigmund
D:6:      layout_loops_ring, kennysheep_generic_room_10, uniq_maggie,
          uniq_edmund
D:7:      layout_loops_ring, temple_doors_e, grunt_decor_cap,
          serial_park_tiny_2, grunt_ministairs_14, st_stairs_5, minivault_23
D:8:      layout_basic, enter_bailey_4, uniq_gastronok
D:9:      layout_roguey, david_orc_5, serial_shops, shop
Bailey:   bailey_polearm_flooded_kennysheep, bailey

Skill      XL: |  1  2  3  4  5  6  7  8  9 10 |
---------------+-------------------------------+-----
Armour         | 4 5 7 |  7.6
Fighting       | 4 5 6 7 |  7.0
Maces & Flails | 3 |  3.8
Dodging        | 1 2 |  2.9
Axes           | 1 2 3 5 8 9 |  9.2
Stealth        | 1 2 |  2.1
Shields        | 4 5 6 |  6.2
Throwing       | 2 |  2.5

Action                   |  1- 3 |  4- 6 |  7- 9 | 10-12 || total
-------------------------+-------+-------+-------+-------++-------
Melee: Flail             |    36 |       |       |       ||    36
       Whip              |    70 |    29 |       |       ||    99
       Hand axe          |       |    49 |   138 |   125 ||   312
Throw: Dart              |       |       |    16 |       ||    16
  Use: Scroll            |     4 |     2 |     9 |     1 ||    16
       Potion            |       |       |     2 |     2 ||     4
Armor: Scale mail        |    69 |    36 |    74 |   139 ||   318
Dodge: Dodged            |    54 |    29 |    62 |   174 ||   319
Block: Buckler           |    28 |    13 |    29 |    73 ||   143
